 Dungeon Crawl Stone Soup version 0.32-a0-120-gfac0567ad4 (webtiles) character file.

Game seed: 16230147310954769802

93 astralcataclysm the Ruffian (level 4, -2/34 HPs)
             Began as a Djinni Shapeshifter on Feb 6, 2024.
             Slain by an iguana (6 damage)
             ... on level 4 of the Dungeon.
             The game lasted 00:13:32 (2322 turns).

astralcataclysm the Ruffian (Djinni Shapeshifter)   Turns: 2322, Time: 00:13:32

Health: -2/34      AC:  2    Str: 18    XL:     4   Next: 91%
Gold:   95         EV: 12    Int: 12    God:
                   SH:  0    Dex: 12

rFire   + + +        m - +5 mace of Beogh {freeze, Will- rCorr Str+3 Stlth+}
rCold   . . .        (no shield)
rNeg    . . .        a - +0 animal skin
rPois   ∞            (helmet currently unavailable)
rElec   +            (cloak currently unavailable)
rCorr   +            (gloves currently unavailable)
SInv    .            (boots unavailable)
Will    .....        (no amulet)
Stlth   +++          (no ring)
HPRegen 0.25/turn    (no ring)
MPRegen 0.00/turn

%: infuse magic (-3 HP)
@: beast-form, resistant, flying
A: beast (slay +1), flying, sickness immunity, fire resistance 2, cold
vulnerability 1, float, innate caster, HP casting, extra vitality 1
a: Begin Untransformation


You were on level 4 of the Dungeon.
You were a hulking beast.
You visited 1 branch of the dungeon, and saw 4 of its levels.

You collected 95 gold pieces.

Inventory:

Hand Weapons
 m - the +5 mace of Beogh (weapon) {freeze, Will- rCorr Str+3 Stlth+}
   (You found it on level 2 of the Dungeon)

   Str+3:     It affects your strength (+3).
   Will-:     It decreases your willpower.
   rCorr:     It protects you from acid and corrosion.
   Stlth+:    It makes you more stealthy.
 s - a +1 spectral quarterstaff
Missiles
 l - a throwing net (quivered)
Armour
 a - a +0 animal skin (worn)
Magical Staves
 j - a staff of cold
 q - a staff of death
Talismans
 c - a beast talisman
 d - a flux talisman
Scrolls
 e - a scroll of teleportation {unknown}
 h - 2 scrolls of identify {unknown}
 i - a scroll of immolation {unknown}
 p - a scroll of fog {unknown}
Potions
 b - a potion of lignification
 g - a potion of enlightenment {unknown}
 k - a potion of ambrosia {unknown}
 n - a potion of magic {unknown}
 o - a potion of haste {unknown}
 r - a potion of heal wounds {unknown}


   Skills:
 * Level 2.3 Fighting
 + Level 0.4 Maces & Flails
 + Level 2.7 Dodging
 + Level 1.1 Stealth
 - Level 3.2 Unarmed Combat
 + Level 0.4 Spellcasting
 + Level 0.4 Conjurations
 + Level 0.4 Hexes
   Level 0.0 Charms
 + Level 0.4 Summonings
 + Level 0.4 Necromancy
 + Level 0.4 Translocations
   Level 0.0 Transmutations
 + Level 0.4 Fire Magic
 + Level 0.4 Ice Magic
 + Level 0.4 Air Magic
 + Level 0.4 Earth Magic
 + Level 0.4 Alchemy
 + Level 3.0 Shapeshifting


You knew the following spells:

 Your Spells              Type           Power      Damage    Failure   Level
a - Foxfire               Conj/Fire      4%         2x1d4     26%         1
Your spell library was empty.

Dungeon Overview and Level Annotations

Branches:
Dungeon (4/15)
 Temple: D:4-7

Altars:
Dithmenos
Makhleb
Qazlal
Zin

Annotations:
D:3 2 transporters


Innate Abilities, Weirdness & Mutations

You are a hulking beast.
Your limbs bulge with bestial killing power. (Slay +1)
You are flying.
You are immune to sickness and miasma.
You are immune to poison.
Your flesh is very heat resistant. (rF++)
You are vulnerable to cold. (rC-)
You float through the air rather than walking.
You learn spells naturally, not from books.
Your magical power is your life essence.
You have superior vitality. (+4 MHP)


Message History

You kill the ball python!
s - a +1 spectral quarterstaff You see here a ball python corpse.
An ogre comes into view. It is wielding a +0 giant club.
The ogre shouts!
You hear a shout!
A goblin comes into view. It is wielding a +0 club.
The ogre moves out of view.
Found a stormy altar of Qazlal.
Found a trident.
The goblin hits you with a +0 club. The goblin closely misses you.
The goblin hits you with a +0 club. The goblin attacks as it pursues you!
The goblin barely misses you. The goblin closely misses you.
The goblin attacks as it pursues you! The goblin closely misses you.
An iguana and a bombardier beetle come into view.
The iguana hisses angrily.
The iguana moves out of view.
The goblin attacks as it pursues you! The goblin barely misses you.
The goblin attacks as it pursues you! The goblin closely misses you.
The goblin attacks as it pursues you! The goblin hits you with a +0 club.
The goblin attacks as it pursues you! The goblin hits you with a +0 club.
The goblin attacks as it pursues you! The goblin hits you with a +0 club.
The iguana hisses menacingly.
The iguana attacks as it pursues you! The iguana barely misses you.
The iguana attacks as it pursues you! The iguana closely misses you.
The iguana attacks as it pursues you! The iguana bites you!
The iguana attacks as it pursues you! The iguana closely misses you.
The iguana attacks as it pursues you! The iguana bites you!
The iguana attacks as it pursues you! The iguana bites you.
* * * LOW HITPOINT WARNING * * *
The iguana attacks as it pursues you! The iguana barely misses you.
The iguana attacks as it pursues you! The iguana closely misses you.
The iguana attacks as it pursues you! The iguana bites you!
* * * LOW HITPOINT WARNING * * *
Okay, then.
It was a potion of resistance.
You feel protected. The iguana bites you.
You die...

###### ######### #.....
#.......# ####.####
##########.......#
#.......#
.................#####
#.......#
########..O..........#
##.......#
####+####g###.............
#l# ###.......# #h#
##.......#
#................#
+.#######.###.###. #..
#.###.##.# # #.#
#.##....## ### #..
#.##..##†# ..#
#..#.####.##..###. #.#
..............# ## #.#
...........## #


You could see an iguana and a goblin.

Vanquished Creatures
  3 gnolls (D:3)
  4 dart slugs
  A ribbon worm (D:2)
  5 ball pythons
  8 bats
  3 endoplasms
  A giant cockroach (D:2)
  3 goblins
  6 hobgoblins
  A jackal (D:2)
  3 quokkas
  2 frilled lizards
  5 kobolds
  6 rats
51 creatures vanquished.

Notes
Turn   | Place    | Note
-------+----------+-------------------------------------------
     0 | D:1      | astralcataclysm the Djinni Shapeshifter began the quest for
                  | the Orb.
     0 | D:1      | Reached XP level 1. HP: 17/17 MP: 0/0
   361 | D:1      | Reached XP level 2. HP: 22/22 MP: 0/0
   832 | D:2      | Reached XP level 3. HP: 28/28 MP: 0/0
   832 | D:2      | Learned a level 1 spell: Foxfire
  1109 | D:2      | Identified the +5 mace of Beogh {freeze, Will- rCorr Str+3
                  | Stlth+}
  1221 | D:2      | You are sucked into a shaft and drop 2 floors!
  1221 | D:4      | Found a glowing silver altar of Zin.
  1328 | D:3      | Reached XP level 4. HP: 31/33 MP: 0/0
  1394 | D:3      | Reached skill level 1 in Stealth
  1404 | D:3      | Found a burning altar of Makhleb.
  1675 | D:3      | Found a shadowy altar of Dithmenos.
  1875 | D:3      | Found a transporter.
  1917 | D:3      | Found a transporter.
  2241 | D:4      | Noticed an ogre
  2249 | D:4      | Noticed an ogre
  2254 | D:4      | Found a stormy altar of Qazlal.
  2322 | D:4      | Slain by an iguana

Illustrated notes

Levels and vault maps discovered:
D:1:      roderic_octagonal_star, layout_loops_ring
D:2:      minmay_diamond_boxcup, layout_basic, chequers_serial_rivers_marsh
D:3:      gammafunk_steamed_eel, layout_basic,
          mainiacjoe_overflow_six_doors_small, nicolae_dithmenos_shadow_blocks,
          palyth_stone_intersect
D:4:      cheibrodos_greedy_goblins, layout_loops_ring,
          mainiacjoe_overflow_paths, yredelemnul_forgotten_temple_becter,
          fedhas_ov_isle_minmay, grunt_qazlal_clouds, grunt_decor_mini_mirrors,
          kennysheep_small_square

Skill      XL: |  1  2  3  4 |
---------------+-------------+-----
Fighting       | 2 |  2.3
Stealth        | 1 |  1.1
Shapeshifting  | 3 |  3.0
Maces & Flails | |  0.4
Dodging        | |  2.7
Unarmed Combat | |  3.2
Spellcasting   | |  0.4
Conjurations   | |  0.4
Hexes          | |  0.4
Summonings     | |  0.4
Necromancy     | |  0.4
Translocations | |  0.4
Fire Magic     | |  0.4
Ice Magic      | |  0.4
Air Magic      | |  0.4
Earth Magic    | |  0.4
Alchemy        | |  0.4

Action                     |  1- 3 |  4- 6 || total
---------------------------+-------+-------++-------
  Melee: Unarmed           |    86 |       ||    86
         Punch             |     2 |     2 ||     4
         Mace              |     6 |    29 ||    35
    Use: Potion            |       |     1 ||     1
   Stab: Sleeping          |     5 |     3 ||     8
 Armour: Animal skin       |    50 |    26 ||    76
  Dodge: Dodged            |    50 |    28 ||    78

Table legend: (Time is in decaauts)
 A = Elapsed time spent in this place.
 B = Non-inter-level travel time spent in this place.
 C = Inter-level travel time spent in this place.
 D = Time resting spent in this place.
 E = Time spent auto-exploring this place.
 F = Levels seen in this place.
 G = Mean time per level.
                   A        B        C        D        E       F      G
               +--------+--------+--------+--------+--------+-----+--------+
         Total |   2330 |   2227 |    103 |    161 |   1422 |   4 |  582.5 |
       Dungeon |   2330 |   2227 |    103 |    161 |   1422 |   4 |  582.5 |
               +--------+--------+--------+--------+--------+-----+--------+

Top non-repeatable levels by time:
     D:3: 814 daAuts
     D:2: 712 daAuts
     D:1: 633 daAuts
     D:4: 169 daAuts
